 Dungeon Crawl Stone Soup version 0.18.1-2-ga659475 (webtiles) character file.

56 inmateoo the Vexing (level 3, -1/25 HPs)
             Began as a Vampire Enchanter on May 8, 2016.
             Slain by an adder (3 damage)
             ... on level 3 of the Dungeon.
             The game lasted 00:02:24 (1359 turns).

inmateoo the Vexing (Vampire Enchanter)             Turns: 1359, Time: 00:02:25

Health: -1/25      AC:  3    Str:  7    XL:     3   Next: 69%
Magic:  1/6        EV: 13    Int: 22    God:
Gold:   125        SH:  0    Dex: 15    Spells: 3 memorised, 0 levels left

rFire  . . .     SeeInvis +     a - +1 dagger
rCold  . . .     Gourm    .     b - +1 robe
rNeg   . . .     Faith    .     (no shield)
rPois  .         Spirit   .     (no helmet)
rElec  .         Dismiss  .     (no cloak)
rCorr  .         Reflect  .     (no gloves)
SustAt .         Harm     .     (no boots)
MR     .....                    (no amulet)
Stlth  +++.......               (no ring)
                                (no ring)

@: brilliant, lethally poisoned (-1 -> -4), regenerating quickly, not resistant
to hostile enchantments, fairly stealthy
A: fangs 3, see invisible, unbreathing
a: no special abilities


You were on level 3 of the Dungeon.
You were very full.

You visited 1 branch of the dungeon, and saw 3 of its levels.

You collected 125 gold pieces.

Inventory:

Hand Weapons
 a - a +1 dagger (weapon)
Missiles
 k - 20 poisoned needles
Armour
 b - a +1 robe (worn)
Jewellery
 m - an uncursed ring of ice
Scrolls
 f - 3 scrolls of identify {unknown}
 g - a scroll of random uselessness {unknown}
 i - a scroll of teleportation {unknown}
 l - a scroll of recharging {unknown}
Potions
 d - a potion of blood
 e - a potion of haste {unknown}
 h - a potion of brilliance
 j - 2 potions of heal wounds {unknown}
 n - 2 potions of mutation {unknown}
 o - 2 potions of might {unknown}
 p - a potion of curing {unknown}
Books
 c - a book of Maledictions

   Spells                             Type                      Level
   a - Corona                         Hexes                        1
   b - Ensorcelled Hibernation        Hexes/Ice                    2
   c - Confuse                        Hexes                        3
   d - Tukima's Dance                 Hexes                        3
   e - Dazzling Spray                 Conjuration/Hexes            3


   Skills:
 + Level 0.8 Fighting
 + Level 1.9 Short Blades
 + Level 2.5 Dodging
 + Level 4.7 Stealth
 + Level 2.3 Spellcasting
 * Level 5.3 Hexes


You couldn't memorise any spells.
You knew the following spells:

 Your Spells              Type           Power        Failure   Level  Hunger
a - Corona                Hex            #####..      1%          1    None
b - Ensorcelled Hibernat  Hex/Ice        ####..       1%          2    ##.....
c - Confuse               Hex            #####...     1%          3    ###....


Dungeon Overview and Level Annotations

Branches:
Dungeon (3/15)

Altars:


Innate Abilities, Weirdness & Mutations

Your natural rate of healing is unusually fast.
You have razor-sharp teeth.
You have supernaturally acute eyesight.
You can survive without breathing.


Message History

The adder closely misses you.
You hit the adder.
The adder is heavily wounded.
The adder bites you.
You are more poisoned.
The adder poisons you! The adder bites you.
* * * LOW HITPOINT WARNING * * *
You closely miss the adder.
The adder is heavily wounded.
You feel sick. The adder closely misses you.
You barely miss the adder.
The adder is heavily wounded.
The adder bites you.
* * * LOW HITPOINT WARNING * * *
Drink which item? (? for menu, Esc to quit)
It was a potion of brilliance.
You feel clever all of a sudden.
* * * LOW HITPOINT WARNING * * *
You feel sick. The adder bites you.
You die...

###### ##.... #...#####
#....@S.#
####....##......
#.....#.###############
#.#####........<.......
#...<...........#.#####
#..)................
##..............#.###
##.........#####.#
#....>....+ .


You could see an adder.

Vanquished Creatures
  2 adders (D:2)
  A worm (D:2)
  A dart slug (D:1)
  A ball python (D:1)
  3 giant cockroaches
  5 goblins
  3 hobgoblins
  2 jackals (D:1)
  5 kobolds (D:1)
  A quokka (D:2)
  3 bats (D:2)
  3 giant newts
  3 rats
33 creatures vanquished.

Notes
Turn   | Place    | Note
--------------------------------------------------------------
     0 | D:1      | inmateoo the Vampire Enchanter began the quest for the Orb.
     0 | D:1      | Reached XP level 1. HP: 13/13 MP: 3/3
   139 | D:1      | Reached XP level 2. HP: 15/20 MP: 5/5
   735 | D:1      | Learned a level 2 spell: Ensorcelled Hibernation
   872 | D:2      | Reached skill level 5 in Hexes
   872 | D:2      | Reached XP level 3. HP: 16/25 MP: 3/6
   877 | D:2      | Learned a level 3 spell: Confuse
  1359 | D:3      | Slain by an adder

Skill      XL: |  1  2 |
---------------+-------+-----
Hexes          | 5 |  5.3
Fighting       | |  0.8
Short Blades   | |  1.9
Dodging        | |  2.5
Stealth        | |  4.7
Spellcasting   | |  2.3

Action                   || total
-------------------------++-------
Melee: Dagger            ||    96
       Bite              ||     5
 Cast: Ensorcelled Hiber ||     5
  Use: Potion            ||     1
 Stab: Sleeping          ||    13
       Distracted        ||     1
  Eat: Corpse            ||    10
Armor: Robe              ||     9
Dodge: Dodged            ||    39
